 Dungeon Crawl Stone Soup version 0.29.0-11-gd7f09526c8 (webtiles) character file.

Game seed: 16819958996368219750

67 LabCoat the Chopper (level 4, -1/40 HPs)
             Began as a Hill Orc Fighter on Sept 3, 2022.
             Slain by Grinder (5 damage)
             ... on level 2 of the Dungeon.
             The game lasted 00:05:47 (1982 turns).

LabCoat the Chopper (Hill Orc Fighter)              Turns: 1982, Time: 00:05:48

Health: -1/40      AC:  8    Str: 20    XL:     4   Next: 18%
Magic:  4/4        EV:  9    Int:  8    God:
Gold:   130        SH:  4    Dex: 10    Spells: 3/3 levels left

rFire   . . .      SeeInvis .   a - +1 war axe
rCold   . . .      Faith    .   c - +0 buckler
rNeg    . . .      Spirit   .   b - +0 scale mail
rPois   .          Reflect  .   j - +0 helmet
rElec   .          Harm     .   (no cloak)
rCorr   .          Rampage  .   (no gloves)
Will    .....                   (no boots)
Stlth   ..........              (no amulet)
HPRegen 0.13/turn               (no ring)
MPRegen 0.09/turn               (no ring)

@: mighty
A: no striking features
a: no special abilities


You were on level 2 of the Dungeon.
You visited 1 branch of the dungeon, and saw 3 of its levels.

You collected 130 gold pieces.

Inventory:

Hand Weapons
 a - a +1 war axe (weapon)
 i - a +0 whip
Armour
 b - a +0 scale mail (worn)
 c - a +0 buckler (worn)
 j - a +0 helmet (worn)
Scrolls
 f - a scroll of magic mapping
 g - 3 scrolls of teleportation
 m - a scroll of enchant weapon
 n - a scroll of brand weapon {unknown}
 o - 2 scrolls of fog
 p - a scroll of amnesia {unknown}
Potions
 h - a potion of lignification
 k - a potion of invisibility {unknown}


   Skills:
 + Level 4.0 Fighting
 * Level 4.2 Axes
 + Level 0.5 Throwing
 + Level 3.7 Armour
 + Level 3.8 Shields


You had 3 spell levels left.
You didn't know any spells.
Your spell library contained the following spells:

 Spells                   Type           Power      Damage    Failure   Level
 Blink                    Tloc           0%         N/A       94%         2
 Lesser Beckoning         Tloc           0%         N/A       99%         3
 Manifold Assault         Tloc           0%         N/A       100%        5


Dungeon Overview and Level Annotations

Branches:
Dungeon (3/15)

Altars:
Elyvilon
Uskayaw

Annotations:
D:2 Grinder


Message History

Grinder blinks!
Grinder blinks!
The adder attacks as you move away! The adder bites you.
There is a stone staircase leading up here.
The adder bites you.
Grinder zaps a wand.
The puff of flame misses you. The adder bites you.
You climb upwards.
There is a stone staircase leading down here.
You barely miss Grinder. You barely miss the adder.
The adder bites you but does no damage. Grinder gestures at you.
You barely resist. You closely miss Grinder. You barely miss the adder.
The adder bites you but does no damage.
Grinder blinks!
You block the adder's attack.
Grinder zaps a wand.
The puff of flame misses you.
The puff of flame hits the adder!
The adder dies!
You feel very mighty all of a sudden.
You slash Grinder!
Grinder is moderately wounded.
You block Grinder's attack.
You slash Grinder!
Grinder is heavily wounded.
Grinder gestures at you. Pain shoots through your body!
You hit Grinder.
Grinder is heavily wounded.
Grinder closely misses you. Grinder hits you.
You writhe in agony.
You closely miss Grinder.
Grinder is heavily wounded.
Grinder hits you.
* * * LOW HITPOINT WARNING * * *
You writhe in agony.
* * * LOW HITPOINT WARNING * * *
You slash Grinder!
Grinder is almost dead.
Grinder hits you.
* * * LOW HITPOINT WARNING * * *
You writhe in agony.
You die...

..#.# #.######..# ..#.#
#.....##..# #..†#
#####.##..# ###.##
#.##..# ##.#.######
#.##..### ..###.....#
#<##....# ##.#.####.#
##.###.#(# ##.##
#.######### ##..# #.#.#
#.#
#......>@5#####...###.#.#
###.#
#########.............#.#
....# #.#####...#####.#
##### ##.## ##### #.#
###############...## #.#
#.......>..........# #.#
#.#############....# #.#
#.# ##.#.# #.# ##.# #.#.#
#.#


You could see Grinder.

Vanquished Creatures
  An adder (D:3)
  3 worms (D:2)
  A dart slug (D:1)
  2 orcs (D:3)
  7 ball pythons
  3 endoplasms
  3 giant cockroaches
  7 goblins
  2 hobgoblins
  3 quokkas
  2 bats (D:2)
  2 frilled lizards (D:1)
  2 kobolds
  6 rats
44 creatures vanquished.

Vanquished Creatures (others)
  An adder (D:2)
1 creature vanquished.

Grand Total: 45 creatures vanquished

Notes
Turn   | Place    | Note
-------+----------+-------------------------------------------
     0 | D:1      | LabCoat the Hill Orc Fighter began the quest for the Orb.
     0 | D:1      | Reached XP level 1. HP: 19/19 MP: 1/1
   236 | D:1      | Reached XP level 2. HP: 27/27 MP: 2/2
   824 | D:1      | Reached XP level 3. HP: 25/33 MP: 3/3
  1466 | D:2      | Found a hide-covered altar of Uskayaw.
  1879 | D:3      | Found a white marble altar of Elyvilon.
  1911 | D:3      | Reached XP level 4. HP: 40/40 MP: 4/4
  1939 | D:3      | Noticed Grinder
  1952 | D:3      | Paralysed by Grinder for 2 turns
  1982 | D:2      | Slain by Grinder

Illustrated notes

Levels and vault maps discovered:
D:1:      saegor_arrival_fortress, layout_basic, due_unseen_surprise
D:2:      layout_loops_ring, basic_altar
D:3:      layout_rooms, elyvilon_altar_4, chequers_ecumenical_altar_island,
          uniq_grinder, uniq_crazy_yiuf_cottage

Skill      XL: |  1  2  3 |
---------------+----------+-----
Axes           | 3 4 |  4.2
Fighting       | 4 |  4.0
Throwing       | |  0.5
Armour         | |  3.7
Shields        | |  3.8

Action                   |  1- 3 |  4- 6 || total
-------------------------+-------+-------++-------
Melee: War axe           |   103 |    10 ||   113
Throw: Dart              |    17 |     2 ||    19
  Use: Scroll            |     6 |       ||     6
       Potion            |       |     2 ||     2
 Stab: Distracted        |     1 |       ||     1
Armor: Scale mail        |    58 |     2 ||    60
Dodge: Dodged            |    50 |     3 ||    53
Block: Buckler           |    29 |     4 ||    33
